Unix NetHack Version 5.0.0-0 post-release - last build Jul 19 2026 19:10:59 (3aa4ab31751d3886436d94b585a96704892fd477,branch:main).

Game began 2026-07-23 10:20:11, ended 2026-07-23 10:46:27.

Eymerich, chaotic male elven Priest

       --------------                                                  -------
       |............|    ----------------                              |...>.|
      #.............|    |..<...........|                            ##|.....|
      #|............|    |......0......^.####                        # |.....|
      #|......%.....|    |..............|   ##            ------#######......|
      #------.-------    -------|--------    #############|....|# ###  -------
      ##     ####            ####                        #|....|# #
       #        #            #                           #.....e@###
       #        #            #                            |....|d #
 ------#        #            #                            |...>|  #
 |[[[.|#        ###          #            ------          |....|# #
 |)[[.|#       #################          |....|          ------###
 |[[).-# ####### -.----------.-#      ####.....|######0##########
 ------          |............|#    ###   |....-########
                 |............|# ####     ------#
                 |.............##################
                 |............|
                 --------------

Eymerich the Acolyte         St:10 Dx:14 Co:16 In:11 Wi:16 Ch:11  Chaotic
Dlvl:3  $:156 HP:0(46) Pw:46(69) AC:7  Xp:5 T:2156 

Latest messages:
 You see here an arrow.
 z - an arrow (23 in total).
 You see here 2 arrows.
 z - 2 arrows (25 in total).
 There is nothing here to pick up.
 You see here 3 arrows.
 z - 3 arrows (28 in total).
 In what direction?
 You feel better.
 You miss the manes.
 You miss the manes.
 You hit the manes.
 You destroy the manes!
 You miss the floating eye.
 You are frozen by the floating eye's gaze!
 You hear the chime of a cash register.
 The jackal bites!
 The jackal bites!
 The jackal bites!
 The jackal bites!
 The jackal bites!
 The jackal bites!
 The jackal bites!
 The jackal bites!
 The jackal bites!
 The jackal bites!
 The jackal bites!
 The jackal bites!
 The jackal bites!
 The jackal bites!
 The jackal bites!
 The jackal bites!
 The jackal bites!
 The jackal bites!
 The jackal bites!
 The jackal bites!
 The jackal bites!
 The jackal bites!
 The jackal bites!
 The jackal bites!
 The jackal bites!
 The jackal bites!
 The jackal bites!
 The jackal bites!
 The jackal bites!
 The jackal bites!
 The jackal bites!
 The jackal bites!
 You die...
 Do you want your possessions identified? [ynq] (y)

Inventory:
 Coins    ('$')
  $ - 156 gold pieces
 Weapons  (')')
  z - 28 +0 arrows
  b - a +0 bow (alternate weapon; not wielded)
  C - 8 blessed rusty +0 darts (at the ready)
  v - 14 +1 darts
  F - 14 +0 darts
  k - 3 +0 daggers
  q - a +0 quarterstaff (weapon in hands)
 Armor    ('[')
  D - a +0 pair of iron shoes (being worn)
  A - a blessed +0 robe
  p - a +0 leather jacket (being worn)
 Comestibles  ('%')
  e - a clove of garlic
  L - a food ration
  t - a cursed food ration
  f - 2 sprigs of wolfsbane
  o - a tripe ration
 Scrolls  ('?')
  P - a scroll of scare monster
 Spellbooks  ('+')
  g - a spellbook of healing
  r - a spellbook of healing
  h - a spellbook of stone to flesh
 Potions  ('!')
  u - a cursed potion of blindness
  n - a potion of healing
  N - a cursed potion of object detection
  M - a potion of oil
  B - a potion of restore ability
  d - 4 potions of holy water
 Rings    ('=')
  s - a ring of sustain ability
 Tools    ('(')
  i - a wooden flute
  G - a lock pick
 Gems/Stones  ('*')
  w - a dilithium crystal named soft
  H - a worthless piece of black glass named soft
  x - 2 flint stones

Eymerich the Priest's attributes:

Background:
 You were an Acolyte, a level 5 elven Priest.
 You were chaotic, nominally on a mission for Manannan Mac Lir
 who was opposed by Lugh (lawful) and Brigit (neutral).
 You were right-handed.
 You were in the Dungeons of Doom, on level 3.
 You entered the dungeon 2156 turns ago.
 You had 226 experience points, 94 more were needed to attain level 6.

Basics:
 You had 0 out of 46 hit points.
 You had 46 out of 69 energy points (spell power).
 Your armor class was 7.
 Your wallet contained 156 zorkmids.
 Autopickup was off.

Final Characteristics:
 Your strength was 10 (limit:18).
 Your dexterity was 14 (limit:18).
 Your constitution was 16 (limit:16).
 Your intelligence was 11 (limit:20).
 Your wisdom was 16 (limit:20).
 Your charisma was 11 (limit:18).

Final Status:
 You weren't hungry.
 You were unencumbered.
 You were wielding a quarterstaff.
 You were unskilled in quarterstaff.

Final Attributes:
 You were devoutly aligned.
 You were sleep resistant.
 You had infravision.
 You are dead.

Miscellaneous:
 You didn't encounter any bones levels.
 Total elapsed playing time was 26 minutes and 12 seconds.

Major events:
 Turn
    1: Eymerich the chaotic elven Priest entered the dungeon
  636: attained the rank of Acolyte (level 3)
  753: entered the Gnomish Mines
 2156: killed by a jackal, while frozen by a floating eye's gaze

Spells:
 Name                 Level Category     Fail Retention
 healing                1   healing        0%  76%-100%
 stone to flesh         3   healing      100%  76%-100%

Skills:
 Fighting Skills
   bare handed combat [Unskilled]
 Weapon Skills
   club               [Unskilled]
   mace               [Basic]
   morning star       [Unskilled]
   flail              [Unskilled]
   hammer             [Unskilled]
   quarterstaff       [Unskilled]
   polearms           [Unskilled]
   spear              [Unskilled]
   trident            [Unskilled]
   lance              [Unskilled]
   bow                [Unskilled]
   sling              [Unskilled]
   crossbow           [Unskilled]
   dart               [Unskilled]
   shuriken           [Unskilled]
   boomerang          [Unskilled]
   unicorn horn       [Unskilled]
 Spellcasting Skills
   healing spells     [Unskilled]
   divination spells  [Unskilled]
   clerical spells    [Basic]

Voluntary challenges:
 Character rerolling was not enabled.
 You were an atheist.
 You never genocided any monsters.
 You never polymorphed an object.
 You never changed form.
 You used no wishes.
Achievements:
 You attained the rank of Acolyte.
 You entered the Gnomish Mines.
 You entered a shop.

 The Dungeons of Doom: levels 1 to 3
    Level 1:
       A fountain.
    Level 2:
       A fountain.
    Level 3: <- You were here.
       An armor shop.
       Stairs down to The Gnomish Mines.
       Final resting place for
          you, killed by a jackal, while frozen by a floating eye's gaze.
 The Gnomish Mines:
    Level 4:


Vanquished creatures:
  a rock piercer
  3 gnome leaders
  a kobold mummy
  a little dog
  2 dwarves
  a kobold leader
  a rothe
  2 giant bats
  a gas spore
  7 manes
  2 cave spiders
  2 yellow molds
  6 gnomes
  a gecko
  4 jackals
  a fox
  a sewer rat
  2 grid bugs
  a bat
  4 lichens
  2 newts
46 creatures vanquished.

No species were genocided or became extinct.

Game over:
                       ----------
                      /          \
                     /    REST    \
                    /      IN      \
                   /     PEACE      \
                  /                  \
                  |     Eymerich     |
                  |      156 Au      |
                  |   killed by a    |
                  |      jackal      |
                  |                  |
                  |                  |
                  |       2026       |
                 *|     *  *  *      | *
        _________)/\\_//(\/(/\)/\//\/|_)_______

Goodbye Eymerich the Priest...

You died in The Dungeons of Doom on dungeon level 3 with 1225 points,
and 156 pieces of gold, after 2156 moves.
You were level 5 with a maximum of 46 hit points when you died.

